Map: 데스오라 - 래더

Players

Three

  • Race: Zerg Zerg
  • League: Master
  • Spawn Location: 11:00

PartinG - Winner!

  • Race: Protoss Protoss
  • League: Master
  • Spawn Location: 5:00

VOD

Have the link to the VOD?

Description

Time

  • Played on: April 2, 2021, 4:59 p.m.
  • Length: 6:51
Show
View Real Time Build Order
Export as new Build Order

Three Zerg 

Build Orders: Hatch First 

Get SALT Encoding   

  12  0:00  Drone  
  13  0:13  Overlord  
  13  0:16  Drone  
  14  0:31  Drone x2  
  16  0:47  Hatchery  
  15  0:51  Drone  
  15  0:55  Drone  
  17  0:58  Drone  
  18  1:10  Extractor  
  17  1:14  Spawning Pool  
  17  1:16  Drone  
  17  1:20  Drone  
  18  1:28  Drone  
  19  1:46  Drone  
  20  1:48  Hatchery  
  19  2:01  Queen  
  19  2:02  Drone  
  19  2:05  Drone  
  23  2:09  Drone  
  23  2:13  Drone  
  25  2:16  Drone  
  26  2:25  Metabolic Boost  
  26  2:32  Overlord  
  26  2:36  Queen  
  28  2:46  Roach Warren, Drone  
  28  2:50  Overlord  
  28  2:54  Drone  
  29  3:00  Overlord  
  29  3:01  Drone  
  29  3:03  Drone  
  31  3:06  Drone  
  31  3:09  Drone  
  31  3:12  Drone  
  34  3:16  Drone x2  
  36  3:20  Drone x2  
  36  3:22  Drone  
  39  3:28  Drone  
  39  3:29  Queen  
  42  3:35  Roach  
  42  3:36  Roach  
  42  3:40  Roach  
  50  3:41  Roach  
  50  3:45  Overlord  
  50  3:48  Overlord  
  50  3:51  Overlord  
  50  3:55  Baneling Nest  
  50  3:56  Zergling x2  
  50  4:04  Zergling x8  
  50  4:05  Ravager  
  55  4:13  Zergling x8  
  55  4:16  Zergling x6  
  62  4:18  Overlord  
  62  4:20  Zergling x2  
  62  4:23  Zergling x2  
  64  4:27  Zergling x6  
  67  4:33  Ravager  
  67  4:37  Zergling x8  
  71  4:42  Zergling x2  
  63  4:45  Zergling x10  
  64  4:53  Zergling x12  
  65  5:00  Zergling x2  
  65  5:01  Zergling x2  
  60  5:15  Zergling x6  
  61  5:26  Zergling x6  
  59  5:32  Ravager  
  59  5:35  Zergling x6  
  61  5:49  Zergling x14  
  62  5:53  Zergling x2  
  62  5:57  Zergling x4  
  62  6:01  Zergling x4  
  66  6:06  Zergling x6  
  66  6:10  Baneling x4  
  69  6:12  Baneling  
  69  6:13  Baneling  
  69  6:14  Zergling x2  
  70  6:21  Zergling x6  
Show
View Real Time Build Order
Export as new Build Order

PartinG Protoss - Winner!

Build Orders: 1 Gate Expand, Mass Adepts 

Get SALT Encoding   

  12  0:00  Probe  
  13  0:12  Probe  
  14  0:17  Pylon  
  14  0:24  Probe (Chrono Boost)  
  15  0:36  Gateway, Probe (Chrono Boost)  
  16  0:44  Probe (Chrono Boost)  
  17  0:51  Probe  
  18  1:10  Nexus  
  18  1:16  Assimilator  
  18  1:18  Probe  
  18  1:24  Assimilator  
  19  1:30  Probe (Chrono Boost)  
  20  1:36  Cybernetics Core  
  21  1:42  Probe (Chrono Boost)  
  21  1:46  Probe (Chrono Boost)  
  21  1:51  Pylon  
  22  1:57  Probe  
  23  2:09  Probe (Chrono Boost)  
  23  2:13  Warp Gate, Stalker (Chrono Boost)  
  26  2:19  Probe (Chrono Boost)  
  28  2:23  Probe (Chrono Boost)  
  28  2:24  Probe (Chrono Boost)  
  29  2:31  Twilight Council  
  29  2:34  Probe  
  29  2:36  Probe  
  31  2:45  Robotics Facility  
  31  2:48  Probe  
  31  2:50  Probe  
  33  2:55  Adept  
  35  3:01  Probe  
  35  3:02  Gateway  
  36  3:08  Gateway  
  36  3:12  Resonating Glaives (Chrono Boost)  
  36  3:14  Gateway  
  36  3:21  Probe  
  36  3:25  Adept  
  39  3:27  Probe  
  39  3:32  Warp Prism (Chrono Boost)  
  40  3:39  Pylon  
  42  3:42  Pylon  
  42  3:45  Probe  
  42  3:46  Probe  
  44  3:52  Pylon  
  44  4:02  Adept x2  
  48  4:03  Adept  
  48  4:05  Observer  
  48  4:08  Adept  
  53  4:10  Probe x2  
  55  4:17  Pylon  
  55  4:24  Adept x3  
  61  4:33  Adept  
  61  4:37  Probe x2  
  65  4:40  Assimilator  
  59  4:49  Adept x3  
  61  5:00  Adept  
  61  5:01  Probe x2  
  65  5:09  Nexus  
  65  5:11  Pylon  
  65  5:13  Probe x2  
  63  5:19  Adept x3  
  63  5:24  Adept  
  63  5:26  Probe x2  
  63  5:30  Immortal (Chrono Boost)  
  57  5:52  Adept x4  
  57  5:55  Shield Battery  
  63  5:57  Shield Battery  
  63  5:59  Immortal (Chrono Boost)  
  67  6:04  Pylon  
  67  6:07  Pylon  
  67  6:10  Shield Battery  
  67  6:13  Adept  
  67  6:14  Adept  
  71  6:18  Sentry x2  
  71  6:24  Forge  
  73  6:37  Adept  
  73  6:38  Adept  
  75  6:45  Adept  
  75  6:47  Adept  
Tags
 
Add a new tag
Caveats
  • Supply blocks, unpowered buildings, or Contaminate may cause inaccurate times.
  • Supply counts are checked every 10 seconds.